AoeStats
← Kurt_Loves_AoE2

Arabia

508195218Analyzed
4v4 RM · 12d ago on Sep 21, 2026· 55m 47s· 8 players
Game mode
Random Map
Map size
Large (8 player)
Population
200
Speed
Normal
Resources
Standard
Victory
Conquest
Starting age
Dark Age
Ending age
Imperial Age
RankedLock teamsTeams togetherTeam positionsShared explorationLock speedFull tech treeHidden civsTurbo modeCheats
Victory
Defeat
🇰🇷 Teutons · South Korea
633
+17
🇨🇳 Poles · China
618
+18
🇨🇳 Portuguese · China
572
+20
🇨🇳 Byzantines · China
550
+20
🇩🇪 Lithuanians · Germany
717
-22
🇫🇷 Bohemians · France
679
-20
🇫🇷 Ethiopians · France
664
-19
🇺🇸 Koreans · United States
549
-14
Shadow♠
4:44 Loom
12:15 Feudal Age
13:16 Gold Mining
16:22 Castle Age
16:55 Bloodlines
17:31 Wheelbarrow
18:34 Forging
20:07 Scale Barding Armor
22:23 Hand Cart
21:54 Double-Bit Axe
24:00 Iron Casting
27:45 Horse Collar
33:41 Imperial Age
32:14 Stone Mining
33:44 Capped Ram
38:13 Conscription
39:07 Siege Engineers
41:03 Blast Furnace
40:03 Scale Mail Armor
43:25 Chain Mail Armor
51:11 Cavalier
mymird24
12:36 Feudal Age
14:54 Horse Collar
24:03 Castle Age
23:26 Wheelbarrow
23:36 Gold Mining
23:49 Double-Bit Axe
25:58 Forging
25:55 Scale Barding Armor
27:01 Caravan
30:56 Bloodlines
30:47 Husbandry
36:03 Imperial Age
38:18 Chemistry
jiwujiwu0618
14:39 Feudal Age
22:53 Loom
22:53 Horse Collar
23:03 Double-Bit Axe
23:13 Stone Mining
23:17 Gold Mining
29:14 Man-at-Arms
29:42 Arson
35:48 Castle Age
52:00 Imperial Age
524653466
0:33 Loom
13:13 Feudal Age
14:51 Wheelbarrow
13:58 Horse Collar
14:04 Double-Bit Axe
14:50 Gold Mining
20:33 Forging
20:28 Scale Barding Armor
20:42 Bloodlines
28:04 Castle Age
29:17 Hand Cart
29:25 Bow Saw
29:32 Husbandry
28:54 Light Cavalry
29:37 Heavy Plow
30:18 Iron Casting
30:04 Chain Barding Armor
34:36 Imperial Age
37:01 Ballistics
37:07 Murder Holes
37:46 Crop Rotation
38:21 Blast Furnace
37:44 Lechitic Legacy
37:48 Conscription
36:51 Winged Hussar
39:26 Chemistry
40:18 Scale Mail Armor
42:21 Stone Mining
52:28 Elite Obuch
53:26 Chain Mail Armor
53:13 Squires
53:05 Town Watch
53:14 Arson
53:37 Szlachta Privileges
56:47 Hoardings
56:39 Ballistics
56:30 Masonry
56:00 Treadmill Crane
56:25 Siege Engineers
shakerL
12:05 Feudal Age
16:43 Castle Age
15:03 Double-Bit Axe
15:46 Horse Collar
21:46 Wheelbarrow
22:10 Heavy Plow
23:00 Bow Saw
florent.toto
2:31 Loom
10:56 Feudal Age
11:26 Town Watch
19:54 Castle Age
17:53 Horse Collar
21:21 Wheelbarrow
21:14 Double-Bit Axe
23:22 Pikeman
24:27 Heavy Plow
25:12 Bow Saw
31:25 Squires
32:37 Masonry
39:03 Imperial Age
37:56 Caravan
39:50 Halberdier
40:55 Conscription
42:27 Man-at-Arms
43:13 Murder Holes
46:32 Conscription
47:48 Long Swordsman
49:47 Two-Handed Swordsman
50:59 Two-Handed Swordsman
GhOsTdOg
0:29 Loom
15:26 Feudal Age
19:22 Wheelbarrow
20:50 Castle Age
18:41 Double-Bit Axe
18:39 Horse Collar
19:41 Stone Mining
19:49 Gold Mining
21:46 Bow Saw
21:40 Heavy Plow
Kurt_Loves_AoE2
4:38 Loom
5:53 Loom
11:52 Feudal Age
12:32 Double-Bit Axe
16:05 Wheelbarrow
16:30 Horse Collar
19:28 Fletching
26:22 Arson
31:27 Castle Age
29:13 Town Watch
31:14 Stone Mining
32:34 Bodkin Arrow
37:54 Pikeman
38:37 Squires
41:11 Scale Mail Armor
41:23 Forging
Connection lost

Rejoining the realm…

Still unreachable

The connection could not be restored.

Session expired

The server has moved on; the page needs a fresh start.